 Dungeon Crawl Stone Soup version 0.26-a0-667-g92642533e4 (webtiles) character file.

Game seed: 8534728772976911871

2265 Murumi the Fighter (level 9, -1/98 HPs)
             Began as an Ogre Conjurer on Oct 15, 2020.
             Was a Priest of Okawaru.
             Slain by a black bear (6 damage)
             ... on level 9 of the Dungeon on Oct 17, 2020.
             The game lasted 00:31:36 (7578 turns).

Murumi the Fighter (Ogre Conjurer)                  Turns: 7578, Time: 00:31:38

Health: -1/98      AC:  6    Str: 16    XL:     9   Next: 38%
Magic:  3/13       EV: 15    Int: 19    God:    Okawaru [***...]
Gold:   408        SH:  0    Dex:  7    Spells: 12/14 levels left

rFire    . . .     SeeInvis +   t - +1 whip (freeze)
rCold    . . .     Faith    .   (no shield)
rNeg     . . .     Spirit   .   u - +2 robe {MR+}
rPois    .         Reflect  .   (helmet restricted)
rElec    .         Harm     .   q - +0 cloak
rCorr    .         Rampage  .   (gloves unavailable)
MR       +....                  (boots unavailable)
Stlth    ++........             (no amulet)
HPRegen  0.26/turn              c - ring of see invisible
MPRegen  0.13/turn              r - +4 ring of evasion

@: no status effects
A: large, unfitting armour, tough skin 1
a: Heroism, Renounce Religion


You were on level 9 of the Dungeon.
You worshipped Okawaru.
Okawaru was most pleased with you.
You visited 2 branches of the dungeon, and saw 8 of its levels.

You collected 408 gold pieces.

Inventory:

Hand Weapons
 t - a +1 whip of freezing (weapon)
Missiles
 b - 18 poisoned darts (quivered)
 f - 208 stones
Armour
 q - a +0 cloak (worn)
 u - a +2 robe of magic resistance (worn)
Jewellery
 c - a ring of see invisible (left hand)
 r - a +4 ring of evasion (right hand)
Scrolls
 a - a scroll of enchant armour
 e - a scroll of remove curse
 n - a scroll of fog
Potions
 d - a potion of lignification
 h - 2 potions of brilliance
 i - 3 potions of curing
 j - 2 potions of mutation
 l - 2 potions of might
 o - a potion of flight
 p - a potion of haste
 s - 2 potions of stabbing


   Skills:
 - Level 9.0 Fighting
 - Level 5.0 Maces & Flails
 - Level 5.0 Throwing
 + Level 4.7 Dodging
 - Level 2.0 Stealth
 - Level 3.0 Spellcasting
 - Level 4.0 Conjurations
 - Level 3.0 Invocations


You had 12 spell levels left.
You knew the following spells:

 Your Spells              Type           Power        Failure   Level
b - Searing Ray           Conj           ###...       4%          2

Your spell library contained the following spells:

 Spells                   Type           Power        Failure   Level
 Magic Dart               Conj           ###.         3%          1
 Dazzling Flash           Conj/Hex       ##....       21%         3
 Fulminant Prism          Conj/Hex       ##........   54%         4
 Iskenderun's Mystic Bla  Conj/Tloc      ##......     54%         4


Dungeon Overview and Level Annotations

Branches:
Dungeon (6/15)             Temple (1/1) D:4

Altars:
Ashenzari
Cheibriados
Dithmenos
Elyvilon
Fedhas
Gozag
Hepliaklqana
Kikubaaqudgha
Makhleb
Nemelex Xobeh
Okawaru
Qazlal
Ru
Sif Muna
Trog
Uskayaw
Vehumet
Wu Jian
Xom
Yredelemnul
Zin
The Shining One

Shops:
D:5 *


Innate Abilities, Weirdness & Mutations

You are too large for most types of armour.
You have tough skin. (AC +1)


Message History

The black bear bites you but does no damage.
The black bear claws you.
* * * LOW HITPOINT WARNING * * *
The black bear claws you but does no damage.
Throwing (i - inventory. (/) - cycle)
b - 20 poisoned darts (quivered)
Press: ? - help, Shift-Dir - straight line, f/p - black bear
Aim: a black bear (moderately wounded, very poisoned)
You throw a poisoned dart.
The poisoned dart barely misses the black bear.
The black bear misses you. The black bear claws you.
* * * LOW HITPOINT WARNING * * *
The black bear claws you but does no damage.
Okay, then.
Throwing (i - inventory. (/) - cycle)
b - 19 poisoned darts (quivered)
Press: ? - help, Shift-Dir - straight line, f/p - black bear
Aim: a black bear (moderately wounded, very poisoned)
You throw a poisoned dart.
The poisoned dart barely misses the black bear.
The black bear bites you.
You die...

#.# #.#
#.# #.#
#[# #.#
#.# #@#
#h# #.#
#(#
########(#
....h..(.#
##########


You could see a black bear (very poisoned).

Vanquished Creatures
  Pikel (D:4)
  2 water moccasins
  An ice beast (D:5)
  A black bear (D:4)
  An orc warrior (D:9)
  A sky beast (D:5)
  A phantom (D:4)
  3 ogres
  A big kobold (D:9)
  A bullfrog (D:9)
  5 wights (D:6)
  2 centaur zombies
  4 orc priests
  2 hounds
  An iguana (D:9)
  An orc wizard (D:4)
  4 worker ants
  A howler monkey skeleton (D:4)
  4 adders
  A shadow imp (D:9)
  A white imp (D:4)
  3 adder skeletons
  2 worms
  3 leopard geckos
  18 orcs
  8 bats
  4 giant cockroaches
  5 goblins
  7 hobgoblins
  4 jackals
  5 quokkas
  A ball python (D:3)
  2 frilled lizards (D:2)
  19 kobolds
  9 rats
129 creatures vanquished.

Vanquished Creatures (others)
  A plant (D:2)
1 creature vanquished.

Grand Total: 130 creatures vanquished

Notes
Turn   | Place    | Note
-------+----------+-------------------------------------------
     0 | D:1      | Murumi the Ogre Conjurer began the quest for the Orb.
     0 | D:1      | Reached XP level 1. HP: 16/16 MP: 3/3
   320 | D:1      | Reached XP level 2. HP: 24/24 MP: 0/5
   337 | D:1      | Learned a level 2 spell: Searing Ray
  1108 | D:1      | Reached XP level 3. HP: 31/31 MP: 4/7
  1549 | D:2      | Found a blossoming altar of Fedhas.
  1781 | D:2      | Reached skill level 1 in Fighting
  2438 | D:3      | Reached skill level 1 in Throwing
  2522 | D:3      | Reached XP level 4. HP: 42/42 MP: 3/8
  2868 | D:3      | Reached skill level 2 in Fighting
  3317 | D:4      | Reached skill level 1 in Maces & Flails
  3317 | D:4      | Reached skill level 3 in Fighting
  3319 | D:4      | Reached XP level 5. HP: 50/53 MP: 4/9
  3467 | D:4      | Noticed a water moccasin
  3566 | D:4      | Noticed a phantom
  3608 | D:4      | Killed a phantom
  3608 | D:4      | Reached skill level 4 in Fighting
  3608 | D:4      | Reached XP level 6. HP: 52/63 MP: 3/10
  3787 | D:4      | Noticed a black bear
  3809 | D:4      | Found a staircase to the Ecumenical Temple.
  3818 | Temple   | Entered the Ecumenical Temple
  4033 | Temple   | Became a worshipper of Warmaster Okawaru
  4156 | D:4      | Reached skill level 5 in Fighting
  4156 | D:4      | Reached skill level 1 in Invocations
  4771 | D:4      | Killed a water moccasin
  4771 | D:4      | Reached XP level 7. HP: 61/72 MP: 3/11
  4897 | D:4      | Reached * piety under Okawaru
  4897 | D:4      | Reached skill level 6 in Fighting
  4969 | D:5      | Entered Level 5 of the Dungeon
  5141 | D:5      | Noticed Pikel
  5161 | D:4      | Killed Pikel
  5161 | D:4      | Reached ** piety under Okawaru
  5161 | D:4      | Reached skill level 7 in Fighting
  5161 | D:4      | Reached XP level 8. HP: 46/87 MP: 2/12
  5394 | D:4      | Upgraded the game from 0.26-a0-665-gefeb406119 to
                  | 0.26-a0-667-g92642533e4
  5561 | D:5      | Reached skill level 8 in Fighting
  5822 | D:5      | Found Tachixaq's Mayhem Merchandise.
  7121 | D:6      | Reached skill level 5 in Throwing
  7122 | D:6      | Reached XP level 9. HP: 88/96 MP: 4/13
  7316 | D:6      | You fall into a shaft and drop 3 floors!
  7340 | D:9      | Reached skill level 9 in Fighting
  7547 | D:9      | Reached skill level 5 in Maces & Flails
  7550 | D:9      | Reached *** piety under Okawaru
  7578 | D:9      | Slain by a black bear

Illustrated notes

Levels and vault maps discovered:
D:1:      minmay_arrival_three_doors, layout_basic
D:2:      layout_loops_ring, fedhas_altar_2, serial_forest,
          infiniplex_forest_corner_2, infiniplex_forest_lined_ring,
          infiniplex_forest_end_double, infiniplex_forest_clump_curved,
          infiniplex_forest_clump_curved, infiniplex_forest_clump_large,
          minmay_split_cup_large
D:3:      layout_basic
D:4:      layout_loops_ring, minmay_temple_entry_trees
D:5:      layout_basic, minmay_shop_mayhem, minmay_stone_trees_small,
          hangedman_decor_riveting, uniq_pikel
D:6:      layout_loops_ring, dk_noncrumbling_2, kennysheep_crisscross
D:9:      layout_basic, orc_0_dummy, bloody_trog
Temple:   minmay_crystal_snake_temple

Skill      XL: |  1  2  3  4  5  6  7  8  9 |
---------------+----------------------------+-----
Dodging        | 2 3 4 |  4.7
Conjurations   | 4 |  4.0
Spellcasting   | 3 |  3.0
Stealth        | 2 |  2.0
Fighting       | 1 3 4 5 7 8 9 |  9.0
Throwing       | 1 2 3 4 5 |  5.0
Maces & Flails | 1 2 3 4 5 |  5.0
Invocations    | 2 3 |  3.0

Action                   |  1- 3 |  4- 6 |  7- 9 || total
-------------------------+-------+-------+-------++-------
Melee: Club              |    34 |       |       ||    34
       Whip              |       |    58 |   136 ||   194
Throw: Dart              |     2 |     5 |    50 ||    57
       Stone             |     9 |    53 |    69 ||   131
 Cast: Magic Dart        |    58 |       |       ||    58
       Searing Ray       |     9 |    21 |    24 ||    54
Invok: Heroism           |       |       |     1 ||     1
  Use: Scroll            |     7 |     7 |     5 ||    19
 Stab: Sleeping          |       |       |     1 ||     1
Armor: Robe              |    17 |    30 |    51 ||    98
Dodge: Dodged            |    40 |    34 |    93 ||   167

Table legend: (Time is in decaauts)
 A = Elapsed time spent in this place.
 B = Non-inter-level travel time spent in this place.
 C = Inter-level travel time spent in this place.
 D = Time resting spent in this place.
 E = Time spent auto-exploring this place.
 F = Levels seen in this place.
 G = Mean time per level.
                   A        B        C        D        E       F      G
               +--------+--------+--------+--------+--------+-----+--------+
         Total |   7564 |   6868 |    696 |    127 |   5803 |   8 |  945.5 |
       Dungeon |   7323 |   6694 |    629 |    127 |   5630 |   7 | 1046.1 |
        Temple |    241 |    174 |     67 |      0 |    173 |   1 |  241.0 |
               +--------+--------+--------+--------+--------+-----+--------+

Top non-repeatable levels by time:
     D:4: 1847 daAuts
     D:5: 1705 daAuts
     D:1: 1457 daAuts
     D:2: 1029 daAuts
     D:3: 806 daAuts
     D:9: 251 daAuts
  Temple: 241 daAuts
     D:6: 226 daAuts
